 Dungeon Crawl Stone Soup version 0.18.1-5-g4a78601 (webtiles) character file.

114 Mefis the Magician (level 4, 0/24 HPs)
             Began as a Deep Elf Wizard on May 13, 2016.
             Was an Initiate of Sif Muna.
             Slain by a killer bee (2 damage)
             ... on level 4 of the Dungeon.
             The game lasted 00:09:02 (2920 turns).

Mefis the Magician (Deep Elf Wizard)                Turns: 2920, Time: 00:09:02

Health: 0/24       AC:  6    Str:  4    XL:     4   Next: 66%
Magic:  3/13       EV:  8    Int: 24    God:    Sif Muna [......]
Gold:   122        SH:  0    Dex: 13    Spells: 6 memorised, 0 levels left

rFire  . . .     SeeInvis .     q - +0 rapier
rCold  . . .     Gourm    .     a - +0 robe
rNeg   . . .     Faith    .     (no shield)
rPois  .         Spirit   .     i - +0 helmet
rElec  .         Dismiss  .     w - +2 cloak
rCorr  .         Reflect  .     (no gloves)
SustAt .         Harm     .     (no boots)
MR     .....                    (no amulet)
Stlth  ++........               (no ring)
                                (no ring)

@: lethally poisoned (0 -> -9), very slightly contaminated, repel missiles, not
resistant to hostile enchantments, unstealthy
A: no striking features
a: Renounce Religion


You were on level 4 of the Dungeon.
You worshipped Sif Muna.
Sif Muna was noncommittal.
You were hungry.

You visited 1 branch of the dungeon, and saw 4 of its levels.

You collected 122 gold pieces.

Inventory:

Hand Weapons
 e - a +0 dagger
 q - a +0 rapier (weapon)
Missiles
 g - 28 arrows
 u - 37 poisoned needles
Armour
 a - a +0 robe (worn)
 b - a +0 hat
 i - a +0 helmet (worn)
 w - a +2 cloak (worn)
Jewellery
 n - an uncursed ring of sustain attributes {unknown}
 v - a +4 ring of evasion {unknown}
Wands
 y - a wand of heal wounds (4/9)
Scrolls
 f - 2 scrolls of identify {unknown}
 j - a scroll of random uselessness {unknown}
 l - a scroll of fear {unknown}
 o - 2 scrolls of remove curse {unknown}
 p - a scroll of teleportation {unknown}
 r - 2 scrolls of amnesia {unknown}
 x - a scroll of immolation {unknown}
Potions
 k - 2 potions of heal wounds {unknown}
 s - a potion of berserk rage {unknown}
 t - a potion of lignification {unknown}
Books
 c - a book of Minor Magic

   Spells                             Type                      Level
   a - Magic Dart                     Conjuration                  1
   b - Blink                          Translocation                2
   c - Call Imp                       Summoning                    2
   d - Repel Missiles                 Charms/Air                   2
   e - Slow                           Hexes                        2
   f - Conjure Flame                  Conjuration/Fire             3
   g - Mephitic Cloud                 Conjuration/Poison/Air       3
Comestibles
 d - 4 bread rations
 m - a beef jerky


   Skills:
 + Level 2.8 Dodging
 + Level 3.4 Stealth
 * Level 5.3 Spellcasting
 * Level 2.9 Conjurations
 + Level 1.8 Summonings
 - Level 1.1 Translocations
 + Level 0.2 Fire Magic
 + Level 0.7 Poison Magic


You couldn't memorise any spells.
You knew the following spells:

 Your Spells              Type           Power        Failure   Level  Hunger
a - Magic Dart            Conj           ###.         2%          1    None
b - Call Imp              Summ           ###.....     8%          2    None
c - Blink                 Tloc           N/A          12%         2    None
d - Repel Missiles        Chrm/Air       #.....       14%         2    None
e - Mephitic Cloud        Conj/Pois/Air  ##......     17%         3    ##.....
f - Conjure Flame         Conj/Fire      ##......     17%         3    ##.....


Dungeon Overview and Level Annotations

Branches:
Dungeon (4/15)             Temple (0/1) D:4

Altars:
Pakellas
Sif Muna


Message History

An orc wizard comes into view. It is wielding a dagger.
The killer bee stings you.
* * * LOW HITPOINT WARNING * * *
You are lethally poisoned!
The killer bee poisons you! The killer bee stings you.
* * * LOW HITPOINT WARNING * * *
2 orcs come into view.
Read which item? (? for menu, Esc to quit)
Blink to where?
Press: ? - help, Dir - move target cursor, p - orc
As you read the scroll of blinking, it crumbles to dust.
* * * LOW HITPOINT WARNING * * *
You feel sick.
Your white imp gestures at the killer bee.
The puff of frost hits the killer bee.
* * * LOW HITPOINT WARNING * * *
You feel sick.
The orc shouts!
The orc wizard shouts!
The orc hits you but does no damage. The killer bee stings you.
You die...

#...........######
#......(#
#........##...o..##
#...(...#
#......8.##.##o#.5#
..........
##........##.##.##o##
######..#.
##.........#........§#.#
#.>+.
.......................#
####.
.....%.....#..⌠..yo..#.#
#.
.........#.#....yy...#.#
#.
........##.....o@......#
#..
.......###.#....o....#.#
... ......##
.#!.⌠ooo⌠..# ... .....##
#.............# . .#####
#.#.........### # #
##.##.##.## .. ... .#
### ### ##


You could see 3 killer bees, an orc wizard, 8 orcs and a friendly white imp.

Vanquished Creatures
  An orc priest (D:3)
  An adder (D:2)
  An ooze (D:2)
  A worm (D:2)
  5 dart slugs
  2 giant geckos (D:1)
  3 orcs (D:3)
  2 giant cockroaches
  6 goblins
  5 hobgoblins
  8 kobolds
  4 quokkas
  2 ball pythons
  9 bats
  2 giant newts
  5 rats
57 creatures vanquished.

Notes
Turn   | Place    | Note
--------------------------------------------------------------
     0 | D:1      | Mefis the Deep Elf Wizard began the quest for the Orb.
     0 | D:1      | Reached XP level 1. HP: 10/10 MP: 7/7
   252 | D:1      | Reached XP level 2. HP: 15/15 MP: 4/9
   316 | D:1      | Learned a level 2 spell: Call Imp
   319 | D:1      | Learned a level 2 spell: Blink
   322 | D:1      | Learned a level 2 spell: Repel Missiles
  1032 | D:2      | Reached XP level 3. HP: 19/19 MP: 8/11
  1037 | D:2      | Learned a level 3 spell: Mephitic Cloud
  1188 | D:2      | Found an oddly glowing altar of Pakellas.
  1283 | D:2      | Reached skill level 5 in Spellcasting
  1986 | D:3      | Reached XP level 4. HP: 24/24 MP: 1/13
  2092 | D:3      | Learned a level 3 spell: Conjure Flame
  2539 | D:3      | Found a deep blue altar of Sif Muna.
  2550 | D:3      | Became a worshipper of Sif Muna the Loreminder
  2900 | D:4      | Found a staircase to the Ecumenical Temple.
  2920 | D:4      | Slain by a killer bee

Skill      XL: |  1  2  3 |
---------------+----------+-----
Conjurations   | 2 |  2.9
Stealth        | 3 |  3.4
Spellcasting   | 5 |  5.3
Dodging        | |  2.8
Summonings     | |  1.8
Translocations | |  1.1
Fire Magic     | |  0.2
Poison Magic   | |  0.7

Action                   |  1- 3 |  4- 6 || total
-------------------------+-------+-------++-------
Melee: Dagger            |    13 |    11 ||    24
       Unarmed           |     4 |       ||     4
       Rapier            |       |     2 ||     2
 Cast: Magic Dart        |    97 |    28 ||   125
       Repel Missiles    |     2 |       ||     2
       Mephitic Cloud    |     1 |     1 ||     2
       Conjure Flame     |       |     1 ||     1
       Call Imp          |       |     1 ||     1
  Use: Scroll            |       |     3 ||     3
 Stab: Sleeping          |     2 |     2 ||     4
  Eat: Chunk             |     3 |     2 ||     5
Armor: Robe              |     5 |     3 ||     8
Dodge: Dodged            |    16 |    16 ||    32
       Deflected         |     3 |       ||     3
